 Dungeon Crawl Stone Soup version 0.30-a0-389-g8d7d949f56 (webtiles) character file.

Game seed: 15054203734502487180

30 Anamonty the Vexing (level 3, 0/27 HPs)
             Began as a Barachi Hexslinger on Dec 3, 2022.
             Slain by Natasha (6 damage)
             ... on level 2 of the Dungeon.
             The game lasted 00:01:43 (885 turns).

Anamonty the Vexing (Barachi Hexslinger)             Turns: 885, Time: 00:01:43

Health: 0/27       AC:  2    Str: 11    XL:     3   Next: 20%
Magic:  4/5        EV: 12    Int: 13    God:
Gold:   71         SH:  0    Dex: 14    Spells: 3/4 levels left

rFire   . . .      SeeInvis .    k - +0 short sword
rCold   . . .      Faith    .    (no shield)
rNeg    . . .      Spirit   .    c - +0 robe
rPois   .          Reflect  .    (no helmet)
rElec   .          Harm     .    (no cloak)
rCorr   .          Rampage  .    (no gloves)
Will    .....                    (no boots)
Stlth   +.........               (no amulet)
HPRegen 0.24/turn                (no ring)
MPRegen 0.09/turn                (no ring)

@: slow
A: amphibious, slowness 1, strong legs 1, +LOS
a: Hop


You were on level 2 of the Dungeon.
You visited 1 branch of the dungeon, and saw 2 of its levels.

You collected 71 gold pieces.

Inventory:

Hand Weapons
 a - a +1 sling
 k - a +0 short sword (weapon)
Armour
 c - a +0 robe (worn)
Jewellery
 g - a +6 ring of intelligence
Scrolls
 b - a scroll of poison
 e - a scroll of magic mapping {unknown}
 f - 3 scrolls of teleportation {unknown}
 h - a scroll of enchant weapon {unknown}
Potions
 d - 2 potions of flight {unknown}
 i - 2 potions of brilliance {unknown}
 j - a potion of invisibility {unknown}


   Skills:
 * Level 2.2 Fighting
 * Level 2.5 Ranged Weapons
 + Level 2.4 Dodging
 + Level 1.3 Spellcasting
 * Level 3.6 Hexes


You had 3 spell levels left.
You knew the following spells:

 Your Spells              Type           Power      Damage    Failure   Level
a - Slow                  Hex            40%        N/A       6%          1

Your spell library contained the following spells:

 Spells                   Type           Power      Damage    Failure   Level
 Sandblast                Erth           0%         2d4       26%         1
 Sting                    Tmut/Pois      0%         1d3       26%         1
 Inner Flame              Hex/Fire       5%         N/A       36%         3
 Portal Projectile        Hex/Tloc       10%        N/A       36%         3
 Passwall                 Tmut/Erth      0%         N/A       38%         2
 Poisonous Vapours        Pois/Air       0%         N/A       38%         2
 Stone Arrow              Conj/Erth      0%         3d7       63%         3
 Cause Fear               Hex            5%         N/A       52%         4
 Olgreb's Toxic Radiance  Pois           0%         N/A       95%         4


Dungeon Overview and Level Annotations

Branches:
Dungeon (2/15)

Altars:

Annotations:
D:2 Natasha


Innate Abilities, Weirdness & Mutations

You are amphibious.
You cover ground slowly.
You can hop short distances.
You have an extended range of vision and can be seen from far away.


Message History

You climb downwards.
Level annotation: Natasha
There is a stone staircase leading up here.
You closely miss Natasha. Natasha claws you but does no damage.
You barely miss Natasha. Natasha claws you!
Casting: Slow (safe; 6% risk of failure)
Confirm with . or Enter, or press ? or * to list all spells.
Aiming: Slow (safe; 6% risk of failure)
Press: ? - help, Shift-Dir - straight line, f - Natasha
Aim: Natasha (chance to affect: 44%) Natasha resists with some effort.
Natasha misses you.
Unknown command.
You hit Natasha.
Natasha is lightly wounded.
Natasha closely misses you.
You hit Natasha.
Natasha is moderately wounded.
Natasha stares at you and mumbles some strange words.
The magic dart hits you!
You hit Natasha.
Natasha is heavily wounded.
Natasha barely misses you.
You hit Natasha but do no damage.
Natasha is heavily wounded.
Natasha closely misses you.
You hit Natasha.
Natasha is severely wounded.
Natasha closely misses you.
You hit Natasha.
Natasha is severely wounded.
Natasha barely misses you.
You closely miss Natasha.
Natasha is severely wounded.
Natasha casts a spell at you. The magic dart hits you!
* * * LOW HITPOINT WARNING * * *
You hit Natasha.
Natasha is severely wounded.
Natasha claws you.
You die...

#..........#
#.#...)....#
#.###.#######
#.# #.#.....##.#
#.###w#........#
#.#....)....#
#.#w#.#####.#
#.#h#.# #.#@#5#
#.###h# #.....#
######.#
#......#
######.# #.#
#.### #g#P#


You could see Natasha and a dart slug.

Vanquished Creatures
  3 dart slugs
  3 endoplasms
  A giant cockroach (D:1)
  2 hobgoblins (D:1)
  3 ball pythons
  6 bats
  A goblin (D:1)
  2 kobolds
  2 rats (D:1)
23 creatures vanquished.

Notes
Turn   | Place    | Note
-------+----------+-------------------------------------------
     0 | D:1      | Anamonty the Barachi Hexslinger began the quest for the
                  | Orb.
     0 | D:1      | Reached XP level 1. HP: 15/15 MP: 2/2
   289 | D:1      | Reached XP level 2. HP: 21/21 MP: 3/3
   693 | D:2      | Reached XP level 3. HP: 27/27 MP: 4/4
   745 | D:2      | Noticed Natasha
   885 | D:2      | Slain by Natasha

Illustrated notes

Levels and vault maps discovered:
D:1:      dpeg_arrival_pits, layout_loops_ring
D:2:      layout_basic, serial_aquarium, aquarium_bridge_long_joined
          [aquarium_subvault_wall, aquarium_subvault_bridge,
          aquarium_subvault_bridge, aquarium_subvault_window,
          aquarium_subvault_balcony, aquarium_subvault_balcony],
          aquarium_window_2, aquarium_window_1, aquarium_view_2e,
          aquarium_pool_four, uniq_natasha

Skill      XL: |  1  2 |
---------------+-------+-----
Fighting       | 2 |  2.2
Ranged Weapons | |  2.5
Dodging        | |  2.4
Spellcasting   | |  1.3
Hexes          | |  3.6

Action                   || total
-------------------------++-------
Melee: Short sword       ||    10
 Fire: Sling             ||    79
 Cast: Slow              ||     1
 Abil: Hop               ||     1
Armor: Robe              ||     6
Dodge: Dodged            ||    32

Table legend: (Time is in decaauts)
 A = Elapsed time spent in this place.
 B = Non-inter-level travel time spent in this place.
 C = Inter-level travel time spent in this place.
 D = Time resting spent in this place.
 E = Time spent auto-exploring this place.
 F = Levels seen in this place.
 G = Mean time per level.
                   A        B        C        D        E       F      G
               +--------+--------+--------+--------+--------+-----+--------+
         Total |   1030 |   1008 |     22 |      0 |    816 |   2 |  515.0 |
       Dungeon |   1030 |   1008 |     22 |      0 |    816 |   2 |  515.0 |
               +--------+--------+--------+--------+--------+-----+--------+

Top non-repeatable levels by time:
     D:1: 892 daAuts
     D:2: 138 daAuts
